Map: Abismo

Players

MrFercho

  • Race: Terran Terran
  • Spawn Location: 3:00

tigro

  • Race: Terran Terran
  • Spawn Location: 7:00

IA (Media)

  • Race: Protoss Protoss
  • Spawn Location: 11:00

IA (Media)

  • Race: Zerg Zerg
  • Spawn Location: 6:00

IA (Media)

  • Race: Protoss Protoss
  • Spawn Location: 5:00

IA (Media)

  • Race: Protoss Protoss
  • Spawn Location: 9:00

VOD

Have the link to the VOD?

Description

Time

  • Played on: Nov. 19, 2018, 4:58 p.m.
  • Length: 32:46
Show
View Real Time Build Order
Export as new Build Order

MrFercho Terran 

Build Orders:  

Get SALT Encoding   

  12  0:02  SCV  
  13  0:29  Supply Depot  
  13  0:43  Engineering Bay  
  13  0:49  Refinery  
  13  1:08  Barracks  
  13  1:09  Engineering Bay  
  13  1:14  SCV  
  14  1:26  SCV  
  15  1:38  SCV  
  16  2:04  Barracks Tech Lab  
  16  2:10  Barracks  
  16  2:17  Refinery  
  16  2:21  Terran Infantry Armor Level 1  
  16  2:29  Marauder  
  18  2:39  Supply Depot  
  18  2:41  Supply Depot  
  18  2:44  SCV  
  19  2:50  Marine  
  20  3:08  Marine  
  21  3:13  Barracks Tech Lab  
  21  3:17  SCV  
  22  3:29  SCV  
  23  3:41  SCV  
  23  3:42  Marauder x2  
  28  3:53  SCV  
  29  4:10  Factory  
  29  4:11  SCV  
  29  4:13  Factory  
  30  4:23  SCV  
  31  4:35  SCV  
  32  4:40  Bunker  
  32  4:49  Orbital Command  
  32  4:54  Factory  
  32  4:56  Marine x2  
  34  5:09  Bunker  
  34  5:14  Marine  
  35  5:42  Bunker  
  35  5:47  Command Center, Refinery  
  35  5:50  Supply Depot  
  35  5:51  Supply Depot  
  35  5:52  Refinery  
  35  6:14  Armory  
  35  6:36  SCV  
  34  6:48  SCV  
  35  6:55  Cyclone  
  35  6:56  Cyclone  
  35  7:00  SCV  
  42  7:03  Armory  
  42  7:11  Marine x2  
  42  7:12  SCV  
  45  7:17  Factory Tech Lab  
  45  7:24  SCV  
  45  7:29  Marauder, Marine  
  49  7:34  SCV  
  49  7:36  SCV  
  51  7:46  SCV  
  51  7:49  SCV  
  53  7:52  Armory  
  53  7:58  SCV  
  54  8:01  SCV  
  54  8:04  Marauder  
  57  8:11  Factory Tech Lab x2  
  57  8:37  Starport  
  57  8:45  Orbital Command  
  57  9:11  SCV x2  
  59  9:22  Thor, Starport  
  59  9:23  SCV x2  
  70  9:24  Siege Tank  
  70  9:49  Supply Depot  
  70  9:50  Supply Depot, SCV  
  70  9:52  Supply Depot, SCV  
  70  9:56  Supply Depot  
  70  9:59  Siege Tank  
  70  10:02  SCV  
  70  10:04  SCV  
  68  10:13  Supply Depot  
  65  10:14  Supply Depot  
  65  10:15  SCV  
  65  10:16  Supply Depot, SCV  
  65  10:20  Supply Depot  
  67  10:24  Starport Tech Lab  
  67  10:32  Sensor Tower  
  67  10:49  Bunker  
  67  10:56  Sensor Tower, Bunker  
  67  11:16  Starport Tech Lab  
  67  11:19  Missile Turret  
  67  11:28  Starport  
  67  11:40  Missile Turret  
  67  11:44  Fusion Core  
  67  12:03  Marauder x2  
  74  12:08  Cyclone x2  
  74  12:09  Siege Tank  
  80  12:22  Starport Tech Lab  
  80  12:24  Marine x2  
  80  12:25  Banshee  
  80  12:26  Banshee  
  88  12:40  Siege Tank x2  
  88  12:41  Thor  
  88  12:42  Marine x2  
  102  13:00  Marine x2  
  104  13:08  Viking  
  104  13:09  Viking  
  104  13:12  Thor  
  114  13:13  Hellion  
  114  13:17  Marine  
  117  13:24  Hellion  
  117  13:38  Medivac  
  117  13:39  Raven  
  121  14:08  Refinery  
  121  14:09  Command Center, Refinery  
  121  14:11  Command Center, Refinery  
  121  14:14  Refinery  
  121  14:32  Weapon Refit  
  121  14:35  Bunker  
  121  14:42  Bunker, Missile Turret  
  121  14:46  Bunker  
  117  15:05  Missile Turret  
  117  15:11  Marauder x2  
  121  15:20  Terran Ship Weapons Level 1  
  121  15:21  Terran Vehicle And Ship Armor Level 1, Terran Vehicle Weapons Level 1  
  121  15:24  Neosteel Frame  
  121  15:25  Hi-Sec Auto Tracking  
  121  15:32  Marauder, Marine  
  121  15:35  Combat Shield  
  124  15:36  Concussive Shells  
  124  15:50  Marine  
  124  15:53  Marine  
  126  15:57  SCV x2  
  128  16:08  Marine  
  128  16:09  SCV x2  
  131  16:11  Marine  
  132  16:21  SCV x2  
  132  16:22  Neosteel Armor  
  134  16:26  Marine  
  135  16:33  SCV  
  135  16:34  SCV  
  136  16:43  Terran Infantry Armor Level 2  
  136  16:46  SCV x2  
  99  17:34  Bunker  
  99  17:39  Missile Turret  
  92  18:02  Terran Infantry Weapons Level 1  
  92  18:05  Sensor Tower  
  90  18:34  Missile Turret  
  90  18:40  Viking x2  
  90  18:41  Battlecruiser  
  94  18:57  Missile Turret  
  94  19:04  Marauder x2  
  92  19:10  Banshee x2  
  92  19:14  Thor, Siege Tank x2  
  100  19:25  Marine x2  
  95  19:43  Marine x2  
  95  19:45  Viking  
  99  19:46  Thor, Cyclone  
  108  19:52  Viking  
  108  19:53  Battlecruiser  
  108  19:58  Cyclone  
  111  20:00  Marine  
  111  20:01  Marine  
  104  20:10  Missile Turret  
  104  20:15  Battlecruiser  
  104  20:18  Cyclone  
  103  20:23  Battlecruiser  
  108  20:29  Cyclone  
  108  20:30  Cyclone  
  110  20:51  Siege Tank  
  113  20:57  Viking  
  113  21:01  Siege Tank  
  113  21:02  Siege Tank  
  115  21:17  Missile Turret  
  115  21:19  Viking  
  115  21:22  Thor  
  123  21:32  SCV x2  
  125  21:33  Thor  
  125  21:38  Missile Turret  
  131  21:44  SCV x2  
  123  21:56  SCV x2  
  123  22:00  Missile Turret  
  126  22:08  SCV x2  
  127  22:20  SCV  
  127  22:21  Missile Turret  
  84  23:59  Thor x2  
  84  24:00  Siege Tank  
  87  24:32  Siege Tank  
  87  24:34  Battlecruiser x2  
  100  24:42  Siege Tank  
  103  25:03  Supply Depot  
  103  25:06  Supply Depot  
  103  25:37  Banshee  
  103  25:38  Banshee  
  103  25:40  Marine x2  
  111  25:48  Siege Tank x3  
  120  25:58  Marauder, Marine  
  123  26:16  Marauder  
  114  26:20  Marauder, Banshee x2, Cyclone x2, Siege Tank  
  104  26:37  Marauder  
  82  26:52  Cyclone x3  
  73  27:03  Banshee  
  68  27:12  Missile Turret  
  65  27:16  Missile Turret  
  65  27:17  Missile Turret  
  65  27:20  Missile Turret  
  65  27:24  Cyclone x3  
  74  27:31  Missile Turret  
  74  27:36  Missile Turret x2  
  74  27:41  Missile Turret  
  69  27:44  Missile Turret  
  69  27:45  Missile Turret  
  65  27:56  Cyclone x3  
  50  28:26  Supply Depot  
  49  28:27  Supply Depot  
  49  28:28  Supply Depot x2, Siege Tank x3  
  49  28:30  Supply Depot  
  55  28:38  Marauder x2  
  49  28:50  Supply Depot  
  49  28:55  Supply Depot  
  49  28:59  Marauder x2  
  49  29:00  Siege Tank x2  
  55  29:20  Marauder  
  55  29:21  Marauder  
  57  29:42  Marauder x2  
  33  30:03  Marauder x2  
  33  30:05  Thor x3  
  55  30:15  Terran Ship Weapons Level 2  
  55  30:16  Terran Vehicle And Ship Armor Level 2, Terran Vehicle Weapons Level 2  
  55  30:20  Terran Infantry Weapons Level 2  
  54  30:38  Missile Turret  
  54  30:41  Missile Turret  
  54  30:43  Missile Turret  
  54  30:48  Siege Tank x3  
  51  30:58  Missile Turret  
  51  31:06  Missile Turret  
  29  31:20  Cyclone x3  
  14  32:03  Barracks  
  14  32:04  Barracks  
  14  32:06  Barracks  
  12  32:13  Starport  
  12  32:14  Starport x2  
Show
View Real Time Build Order
Export as new Build Order

tigro Terran 

Build Orders:  

Get SALT Encoding   

  12  0:06  SCV  
  13  0:15  Refinery  
  13  0:26  Supply Depot  
  13  0:28  SCV  
  14  0:48  Refinery  
  14  0:49  SCV  
  15  1:02  Barracks  
  15  1:15  SCV  
  16  1:27  SCV  
  17  1:49  Marine  
  17  1:50  Engineering Bay  
  18  2:07  Marine  
  19  2:10  SCV  
  20  2:17  Supply Depot  
  20  2:22  SCV  
  21  2:23  Terran Infantry Weapons Level 1  
  21  2:25  Marine  
  22  2:43  Marine  
  23  2:55  Factory  
  23  3:00  SCV  
  23  3:01  Marine  
  25  3:20  Barracks Tech Lab  
  25  3:58  Armory, Orbital Command  
  25  4:15  Combat Shield  
  25  4:17  Terran Infantry Armor Level 1  
  25  4:20  Factory Tech Lab  
  25  4:22  Command Center  
  25  4:26  Marauder  
  27  4:47  Marauder  
  29  5:09  Marauder  
  29  5:10  Missile Turret  
  31  5:34  Marauder, Siege Tank  
  36  5:41  Missile Turret  
  36  5:45  Supply Depot  
  36  5:56  Stimpack  
  36  5:57  Refinery  
  36  5:59  Planetary Fortress  
  36  6:06  Thor  
  36  6:07  SCV  
  43  6:19  SCV  
  43  6:20  Missile Turret  
  44  6:32  SCV  
  45  6:37  Terran Ship Weapons Level 1  
  44  6:42  Missile Turret  
  44  6:44  SCV  
  41  6:56  SCV  
  42  7:35  Missile Turret  
  42  7:36  Concussive Shells  
  42  7:56  Missile Turret  
  42  8:03  Refinery  
  42  8:11  Siege Tank  
  45  8:14  Marine  
  46  8:24  Supply Depot  
  46  8:27  Terran Infantry Weapons Level 2  
  46  8:31  Marine  
  46  8:32  Terran Vehicle Weapons Level 1  
  48  8:48  SCV  
  48  8:49  Marine  
  49  9:00  SCV  
  50  9:07  Marine  
  51  9:11  Starport  
  51  9:25  Marine  
  52  9:49  Missile Turret  
  43  10:26  Terran Vehicle And Ship Armor Level 1  
  42  10:40  Starport Tech Lab  
  42  10:43  Terran Infantry Armor Level 2  
  42  10:57  Missile Turret  
  42  11:01  Marine  
  43  11:06  Medivac  
  43  11:09  Rapid Reignition System  
  45  11:19  Marine  
  46  11:32  Fusion Core  
  46  11:37  Marine  
  39  11:55  Marine  
  39  12:00  Siege Tank  
  43  12:02  Weapon Refit  
  43  12:06  Corvid Reactor  
  43  12:08  Viking  
  45  12:13  Marine  
  46  12:32  Siege Tank  
  49  12:38  Banshee  
  52  12:59  Hi-Sec Auto Tracking  
  52  13:04  Liberator, Siege Tank  
  55  13:24  Cloaking Field  
  58  13:29  Terran Vehicle Weapons Level 2  
  58  13:40  SCV  
  59  13:49  Supply Depot  
  59  13:52  SCV  
  60  13:55  Neosteel Frame  
  60  14:10  Battlecruiser  
  66  14:25  Missile Turret  
  66  14:26  Smart Servos  
  66  14:44  Hyperflight Rotors  
  66  15:14  Neosteel Armor  
  66  15:24  Thor  
  60  15:45  Terran Vehicle And Ship Armor Level 2, Drilling Claws  
  60  15:48  Marine  
  58  16:06  Marine  
  58  16:07  Siege Tank  
  60  16:24  Marine  
  59  16:39  Siege Tank  
  62  16:42  Marine  
  62  16:44  Advanced Ballistics  
  57  17:00  Marine  
  52  17:03  Rapid Fire Launchers  
  44  17:11  Siege Tank  
  41  17:18  Marauder  
  43  17:39  Marauder  
  43  17:42  Missile Turret  
  43  17:43  Siege Tank  
  44  18:01  Terran Vehicle Weapons Level 3  
  44  18:15  Siege Tank  
  47  18:22  Infernal Pre-Igniter  
  47  18:23  Marine  
  48  18:41  Marine, Battlecruiser  
  48  18:45  Missile Turret  
  49  18:59  Marine  
  50  19:05  Missile Turret  
  50  19:17  Marine  
  51  19:31  Missile Turret  
  51  19:34  Thor  
  51  19:35  Marine  
  58  19:45  Battlecruiser  
  64  20:17  Thor  
  55  20:38  Terran Ship Weapons Level 2  
  49  20:49  Medivac  
  51  20:52  Marine  
  52  21:00  Thor  
  58  21:10  Marine  
  59  21:19  Banshee  
  62  21:28  Marine  
  63  21:42  Missile Turret  
  63  21:45  Marine  
  61  22:01  Banshee  
  61  22:03  Marine  
  61  22:08  Barracks  
  53  22:10  Ghost Academy  
  53  22:22  Marauder  
  55  22:37  Siege Tank  
  58  22:44  Banshee  
  61  22:54  Terran Vehicle And Ship Armor Level 3  
  61  23:06  Barracks Tech Lab  
  61  23:09  Siege Tank  
  64  23:16  Marauder  
  66  23:27  Banshee  
  66  23:28  Marine  
  70  24:25  Marine  
  70  24:26  Marauder, Siege Tank  
  70  24:28  Medivac  
  64  24:43  Marine  
  63  24:47  Marauder  
  65  24:58  Viking, Siege Tank  
  70  25:51  Siege Tank  
  70  25:52  Marauder, Marine  
  70  25:54  Viking  
  70  26:00  Supply Depot  
  63  26:24  Marauder, Marine  
  50  26:41  Marine, Starport Tech Lab  
  50  26:46  Marauder  
  52  26:59  Marine, Missile Turret  
  50  27:07  Marauder  
  50  27:10  Viking  
  51  27:17  Marine  
  52  27:48  Command Center  
  52  28:00  Battlecruiser  
  58  28:09  Marine  
  59  28:27  Marine  
  60  28:45  Marine  
  59  29:02  Missile Turret  
  46  29:03  Marine  
  46  29:04  Medivac  
  46  29:08  Marine  
  31  29:21  Marine  
  26  29:25  Marine  
  28  29:43  Marine  
  21  29:54  Marauder  
  21  30:02  Marauder  
  22  30:10  Siege Tank  
  22  30:16  Marauder  
  21  30:37  Marauder  
  13  31:01  Command Center  
Show
View Real Time Build Order
Export as new Build Order

IA (Media) Protoss 

Build Orders:  

Get SALT Encoding   

  12  0:01  Probe  
  13  0:13  Probe  
  14  0:20  Pylon  
  14  0:25  Probe  
  15  0:34  Probe  
  15  0:42  Probe  
  16  0:47  Assimilator  
  17  0:50  Gateway  
  17  0:51  Probe  
  18  1:02  Pylon  
  18  1:28  Gateway  
  18  1:32  Assimilator  
  18  1:37  Zealot  
  20  1:42  Cybernetics Core  
  20  1:55  Zealot  
  22  2:16  Pylon  
  22  2:20  Stalker  
  24  2:32  Warp Gate  
  24  2:40  Stalker  
  26  2:52  Stalker  
  26  2:57  Pylon  
  26  2:59  Probe  
  29  3:11  Probe  
  30  3:17  Adept  
  30  3:22  Forge  
  30  3:23  Probe  
  33  3:35  Probe  
  33  3:40  Stalker  
  36  3:47  Probe  
  37  3:59  Probe  
  37  4:00  Stalker  
  40  5:26  Probe  
  40  6:40  Sentry  
  40  6:42  Photon Cannon, Probe  
  40  6:45  Pylon  
  43  6:47  Photon Cannon  
  43  6:50  Robotics Facility  
  42  6:54  Probe, Stargate  
  42  6:55  Sentry, Nexus  
  42  7:01  Gateway  
  45  7:06  Probe  
  45  7:07  Twilight Council  
  44  7:09  Forge  
  44  7:10  Sentry  
  44  7:12  Pylon  
  44  7:15  Probe  
  47  7:23  Probe  
  47  7:24  Adept  
  48  7:38  Zealot  
  48  7:39  Observer  
  51  7:53  Zealot  
  53  8:01  Observer  
  52  8:07  Adept  
  52  8:08  Probe  
  52  8:09  Probe  
  54  8:17  Probe  
  54  8:18  Assimilator  
  54  8:19  Pylon  
  54  8:20  Probe  
  54  8:21  Pylon  
  54  8:25  Probe  
  54  8:26  Assimilator  
  56  8:31  Stalker  
  56  8:32  Probe  
  54  8:37  Probe  
  54  8:38  Observer  
  52  8:42  Photon Cannon  
  52  8:44  Probe  
  52  8:45  Stalker, Photon Cannon  
  55  8:49  Probe  
  56  8:56  Probe  
  56  8:59  Probe  
  56  9:00  Stalker, Observer  
  60  9:08  Probe x2  
  61  9:14  Stalker  
  64  9:17  Probe  
  64  9:20  Probe  
  66  9:25  Probe  
  67  9:33  Probe  
  67  9:35  Probe  
  69  9:45  Probe  
  70  9:47  Probe  
  71  9:56  Probe  
  71  9:59  Probe  
  73  10:04  Probe  
  73  10:11  Probe  
  73  10:12  Probe  
  75  10:20  Probe  
  76  10:23  Probe  
  78  10:39  Stalker x2  
  78  10:46  Stalker x2  
  78  10:57  Observer  
  78  11:03  Protoss Ground Armor Level 1  
  78  11:10  Protoss Ground Weapons Level 1  
  78  11:13  Zealot  
  76  11:21  Warp Prism  
  76  11:23  Zealot  
  78  11:27  Gateway  
  78  11:32  Robotics Facility, Zealot  
  80  11:34  Stargate  
  76  11:40  Templar Archives  
  76  11:41  Adept  
  76  11:46  Robotics Bay  
  68  11:47  Dark Shrine  
  68  11:50  Stalker  
  68  11:54  Fleet Beacon  
  66  11:57  Pylon, Warp Prism  
  66  11:59  Stalker  
  69  12:08  Stalker  
  71  12:16  Sentry  
  71  12:19  Observer  
  74  12:25  Zealot  
  76  12:32  Gravitic Drive, Probe  
  76  12:33  Observer  
  77  12:41  Immortal  
  81  12:54  Immortal  
  81  12:58  Stalker  
  85  13:28  Gravitic Boosters  
  85  14:17  Protoss Ground Weapons Level 2  
  85  14:29  Protoss Ground Armor Level 2  
  85  14:51  Protoss Air Weapons Level 1  
  85  14:53  Disruptor  
  88  15:00  Stalker  
  88  15:02  Pylon  
  88  15:07  Sentry  
  86  15:13  Void Ray  
  90  15:20  Disruptor  
  93  15:27  Stalker  
  93  15:28  Pylon  
  95  15:34  Stalker  
  97  15:41  Zealot  
  105  15:53  Pylon  
  105  15:54  Zealot  
  103  16:01  Zealot  
  103  16:07  Sentry  
  103  16:09  Carrier  
  103  16:14  Adept  
  105  16:21  Protoss Ground Weapons Level 3  
  105  16:34  Protoss Air Armor Level 1  
  105  16:36  Protoss Shields Level 1  
  105  16:43  Stalker  
  97  18:06  Blink, Observer  
  97  18:10  Void Ray  
  97  18:15  Protoss Ground Armor Level 3  
  97  18:23  Stalker  
  99  18:27  Protoss Air Weapons Level 2  
  99  18:30  Stalker  
  101  18:36  Stalker  
  103  18:43  Stalker  
  105  19:23  Protoss Shields Level 2  
  105  19:58  Probe  
  105  20:04  Sentry  
  105  20:23  Protoss Air Armor Level 2  
  103  21:16  Protoss Shields Level 3  
  103  21:17  Probe  
  103  21:39  Sentry  
  103  21:51  Zealot  
  103  22:10  Pylon  
  103  22:11  Zealot  
  105  22:18  Colossus, Carrier  
  111  22:25  Tempest  
  117  22:34  Void Ray  
  117  23:10  Probe  
  115  24:19  Void Ray  
  111  24:33  Sentry  
  99  24:39  Sentry  
  92  24:46  Zealot  
  92  24:52  Zealot  
  93  24:59  Adept  
  95  25:06  Stalker  
  97  25:10  Observer  
  97  25:12  Stalker  
  99  25:19  Stalker  
  101  25:25  Stalker  
  103  25:30  Adept  
  109  25:35  Immortal  
  109  25:40  Adept  
  111  25:49  Adept  
  111  25:54  Adept  
  111  25:59  Zealot  
  111  26:03  Zealot  
  111  26:09  Adept  
  113  26:14  Sentry  
  97  26:18  Adept  
  97  26:21  Observer  
  97  26:22  Observer  
  97  26:23  Stalker  
  101  26:28  Stalker, Void Ray  
  97  26:37  Stalker  
  99  26:41  Zealot  
  99  26:46  Sentry  
  103  26:51  Stalker  
  99  28:01  Observer  
  99  28:20  Observer  
  99  28:44  Dark Templar  
  99  28:46  Immortal, Observer  
  101  29:01  Dark Templar  
  93  29:09  Stalker  
  95  29:18  Zealot  
  95  29:21  Observer  
  95  29:22  Observer  
  88  29:26  Zealot  
  75  29:34  Sentry  
  77  29:42  Stalker  
  79  29:50  Sentry  
  81  29:55  Immortal  
  81  29:57  Stalker  
  87  30:14  Archon  
  87  30:15  Dark Templar  
  89  30:22  Dark Templar  
  91  30:38  Dark Templar, Archon  
  93  30:46  Dark Templar  
  95  31:01  Archon  
  95  31:02  Dark Templar  
  97  31:10  Dark Templar  
  99  31:24  Archon  
  99  31:25  Dark Templar  
  101  31:33  Dark Templar  
  101  31:35  Observer  
  106  32:31  Zealot  
  106  32:33  Pylon  
  106  32:35  Archon  
  108  32:38  Stalker  
  106  32:45  Adept  
Show
View Real Time Build Order
Export as new Build Order

IA (Media) Zerg 

Build Orders: 1 Base Baneling Bust, Pool First 

Get SALT Encoding   

  12  0:01  Drone  
  13  0:12  Overlord  
  13  0:17  Drone  
  14  0:30  Drone  
  14  0:33  Drone  
  16  0:42  Spawning Pool  
  15  0:44  Drone  
  15  0:48  Drone  
  17  0:51  Extractor  
  17  0:55  Drone  
  17  1:05  Overlord  
  17  1:31  Zergling x2, Queen  
  20  1:35  Roach Warren  
  20  1:37  Extractor  
  20  1:38  Drone  
  19  1:45  Zergling x2  
  20  1:49  Drone  
  21  2:00  Drone  
  22  2:10  Overlord  
  22  2:21  Roach  
  24  2:34  Overlord  
  24  2:38  Roach  
  26  2:52  Roach  
  26  2:58  Drone  
  29  3:02  Drone  
  30  3:07  Roach  
  30  3:11  Overlord  
  32  3:14  Drone  
  32  3:19  Drone  
  34  3:21  Roach  
  36  3:27  Drone  
  37  3:36  Baneling Nest  
  37  3:38  Drone  
  37  3:42  Drone, Roach  
  37  3:43  Evolution Chamber  
  37  3:46  Drone  
  40  3:56  Roach  
  42  4:10  Roach  
  44  5:17  Zergling x2  
  44  6:19  Lair, Overlord, Drone  
  44  6:22  Spore Crawler  
  44  6:23  Drone  
  44  6:24  Spore Crawler  
  44  6:25  Drone  
  44  6:27  Evolution Chamber  
  44  6:28  Drone  
  44  6:32  Hatchery, Drone  
  45  6:36  Drone  
  45  6:38  Overlord  
  45  6:39  Zergling x2, Drone  
  46  6:42  Drone  
  45  6:48  Spine Crawler  
  45  6:49  Drone  
  45  6:51  Spine Crawler, Roach  
  45  6:53  Drone  
  33  7:03  Roach  
  35  7:16  Queen, Overseer, Roach  
  35  7:17  Overseer  
  35  7:21  Drone, Infestation Pit  
  39  7:23  Hydralisk Den  
  39  7:25  Drone  
  39  7:28  Drone, Roach, Spire  
  41  7:40  Roach  
  43  7:44  Drone  
  43  7:45  Queen  
  43  7:47  Drone  
  43  7:50  Drone  
  48  7:53  Roach  
  48  7:55  Drone  
  48  7:58  Drone  
  52  7:59  Spore Crawler  
  52  8:01  Drone  
  52  8:03  Spore Crawler  
  52  8:04  Drone  
  52  8:05  Hydralisk  
  52  8:07  Drone  
  55  8:14  Drone  
  55  8:17  Drone  
  57  8:25  Drone  
  57  8:26  Hydralisk  
  60  8:28  Drone  
  60  8:29  Spine Crawler  
  60  8:31  Drone  
  60  8:32  Spine Crawler  
  60  8:34  Drone  
  61  8:37  Drone  
  61  8:38  Hydralisk  
  64  8:48  Drone  
  65  8:49  Overlord  
  65  8:52  Drone, Hydralisk  
  65  8:55  Drone  
  69  8:58  Drone  
  69  9:01  Drone  
  71  9:04  Drone  
  71  9:07  Drone  
  73  9:10  Drone  
  73  9:12  Overlord  
  73  9:13  Drone  
  75  9:21  Drone  
  75  9:24  Drone  
  77  9:43  Extractor  
  77  9:44  Drone  
  77  9:46  Extractor  
  77  9:47  Drone  
  77  10:06  Drone  
  78  10:09  Drone  
  78  10:12  Drone  
  80  10:14  Overseer  
  80  10:15  Zergling x2, Overlord, Drone  
  71  10:28  Roach  
  63  10:40  Roach  
  65  10:50  Pneumatized Carapace  
  65  10:51  Hydralisk  
  65  10:54  Overlord  
  65  10:56  Overseer  
  67  10:57  Zerg Flyer Weapons Level 1  
  67  11:02  Roach  
  69  11:12  Overlord, Roach  
  71  11:23  Roach  
  73  11:32  Overlord  
  73  11:33  Roach  
  73  11:35  Hive  
  73  11:39  Overseer  
  75  11:43  Hydralisk  
  77  11:49  Overseer  
  77  11:52  Overlord  
  77  11:53  Mutalisk  
  79  12:01  Overseer  
  79  12:03  Mutalisk  
  81  12:11  Overlord  
  81  12:13  Mutalisk  
  83  12:18  Overseer  
  83  12:23  Mutalisk  
  85  12:31  Overlord  
  85  12:33  Mutalisk  
  85  12:36  Overseer  
  87  12:44  Mutalisk  
  87  12:50  Overlord, Overseer  
  89  12:51  Zerg Flyer Armor Level 1  
  89  12:52  Ultralisk Cavern  
  89  12:54  Corruptor  
  90  13:04  Mutalisk  
  92  13:06  Overseer  
  92  13:07  Overlord  
  92  13:20  Overseer  
  92  13:21  Overlord  
  92  13:28  Overlord, Overseer  
  92  13:44  Overseer  
  92  13:46  Overlord  
  86  13:53  Mutalisk  
  80  13:56  Overseer  
  80  14:04  Mutalisk  
  80  14:07  Overlord  
  80  14:08  Overseer  
  80  14:14  Mutalisk  
  82  14:20  Overlord, Overseer  
  82  14:24  Mutalisk  
  82  14:29  Overseer  
  82  14:30  Overlord  
  84  14:41  Overlord  
  84  14:42  Overseer  
  84  14:47  Greater Spire  
  84  14:48  Mutalisk  
  84  14:49  Zerg Melee Weapons Level 1  
  84  14:50  Zerg Ground Armor Level 1  
  84  14:51  Mutalisk  
  82  14:53  Corruptor  
  84  15:00  Zergling x2, Overlord  
  84  15:02  Zergling x2  
  84  15:04  Zergling x2  
  84  15:07  Zergling x2  
  86  15:09  Zergling x2  
  86  15:11  Mutalisk  
  86  15:13  Mutalisk  
  91  15:16  Zergling x2  
  91  15:19  Zergling x2, Overlord  
  93  15:23  Zergling x2  
  93  15:25  Overseer  
  93  15:28  Zergling x2  
  77  15:30  Zergling x2  
  77  15:31  Drone  
  77  15:33  Zergling x2  
  77  15:34  Overseer  
  71  15:37  Mutalisk  
  71  15:40  Overlord  
  71  15:41  Mutalisk  
  70  15:45  Zergling x2  
  70  15:47  Mutalisk  
  69  15:52  Mutalisk  
  69  15:54  Overseer  
  69  15:57  Spore Crawler  
  69  15:58  Zergling x2  
  69  15:59  Overlord  
  69  16:01  Zergling x2  
  69  16:03  Zergling x2  
  67  16:06  Zergling x2  
  67  16:09  Zergling x2  
  66  16:11  Zergling x2  
  66  16:14  Zergling x2  
  66  16:17  Baneling  
  66  16:18  Baneling, Zergling x2  
  65  16:19  Overlord  
  65  16:21  Baneling  
  65  16:22  Zergling x2  
  65  16:25  Zergling x2  
  66  16:27  Zergling x2  
  66  16:28  Viper  
  66  16:30  Zergling x2, Drone  
  66  16:31  Metabolic Boost  
  66  16:33  Zergling x2  
  66  16:34  Mutalisk  
  66  16:37  Queen, Mutalisk  
  66  16:38  Spore Crawler  
  69  16:40  Zergling x2, Burrow  
  69  16:44  Zerg Missile Weapons Level 1  
  69  16:48  Mutalisk  
  69  16:49  Overlord  
  69  16:53  Drone  
  70  16:54  Zergling x2  
  70  16:57  Zergling x2  
  70  17:00  Drone  
  71  17:01  Zergling x2  
  71  17:03  Drone  
  71  17:05  Zergling x2, Spine Crawler  
  71  17:06  Drone  
  71  17:08  Zergling x2  
  75  17:09  Drone  
  75  17:10  Mutalisk  
  75  17:13  Queen, Drone  
  79  17:15  Spore Crawler  
  79  17:16  Mutalisk  
  79  17:18  Drone  
  79  17:20  Baneling x2  
  79  17:21  Baneling  
  81  17:23  Spine Crawler  
  81  17:24  Baneling, Centrifical Hooks, Zergling x2  
  81  17:27  Baneling x2, Zergling x2  
  81  17:29  Drone  
  84  17:30  Zergling x2, Overlord  
  84  17:32  Drone, Mutalisk  
  84  17:36  Drone, Mutalisk  
  90  17:39  Zerg Melee Weapons Level 2  
  90  17:40  Drone  
  91  17:48  Zergling x2  
  82  17:51  Zergling x2  
  82  17:57  Zergling x2  
  79  18:00  Zergling x2  
  79  18:03  Zergling x2, Drone  
  77  18:05  Zergling x2  
  77  18:09  Drone  
  77  18:10  Roach  
  78  18:13  Roach  
  78  18:17  Roach  
  78  18:19  Overlord  
  82  18:21  Hydralisk  
  82  18:22  Overseer  
  82  18:25  Roach  
  86  18:29  Roach  
  86  18:33  Baneling x3  
  88  18:34  Baneling, Roach  
  88  18:38  Overlord, Roach  
  92  18:41  Roach  
  92  18:43  Overseer  
  92  18:45  Lair  
  94  18:56  Hydralisk  
  94  18:57  Overlord, Overseer  
  94  18:59  Hydralisk  
  98  19:09  Overlord, Overseer  
  98  19:22  Overlord, Overseer  
  98  19:36  Overlord, Overseer  
  98  19:46  Overseer  
  98  19:47  Overlord  
  98  19:59  Overlord, Overseer  
  98  20:06  Zerg Melee Weapons Level 3  
  98  20:15  Overlord, Overseer  
  98  20:26  Overlord, Overseer  
  98  20:38  Overlord, Overseer  
  98  20:47  Zerg Ground Armor Level 2  
  98  20:52  Overlord, Overseer  
  98  21:04  Overseer  
  98  21:05  Overlord, Overseer  
  98  21:06  Overlord  
  98  21:24  Overlord, Roach  
  100  21:29  Overseer  
  100  21:43  Overlord, Roach  
  102  21:48  Roach  
  102  21:53  Infestor  
  97  21:59  Infestor  
  90  22:01  Drone  
  90  22:04  Infestor  
  90  22:05  Overlord  
  90  22:06  Overseer  
  85  22:09  Infestor  
  85  22:15  Infestor  
  84  22:21  Roach  
  86  22:25  Overlord  
  86  22:26  Roach  
  88  22:31  Roach  
  88  22:36  Infestor  
  92  22:41  Zergling x2  
  93  22:44  Overlord  
  93  22:47  Roach  
  93  22:49  Viper  
  98  22:51  Infestor  
  98  22:56  Infestor  
  102  23:02  Overlord, Roach  
  104  23:05  Overseer  
  104  23:22  Overlord, Zerg Ground Armor Level 3  
  104  23:40  Zerg Missile Weapons Level 2  
  104  24:10  Zerg Flyer Weapons Level 2  
  104  24:53  Spire  
  104  24:55  Drone  
  104  25:28  Overlord, Overseer  
  104  25:45  Roach  
  104  25:48  Overlord  
  104  25:49  Roach  
  107  25:53  Zergling x2  
  107  25:56  Hydralisk  
  85  25:57  Zerg Missile Weapons Level 3  
  85  25:59  Hydralisk  
  85  26:03  Overseer  
  85  26:04  Roach, Zerg Flyer Armor Level 2  
  79  26:07  Roach  
  83  26:11  Roach  
  83  26:15  Roach  
  85  26:19  Roach  
  85  26:22  Roach  
  89  26:26  Roach  
  89  26:30  Roach  
  93  26:33  Infestor  
  93  26:37  Infestor  
  97  26:41  Infestor  
  97  26:45  Infestor  
  101  29:11  Zergling x2  
  101  29:14  Zergling x2  
  101  29:16  Overlord, Mutalisk  
  105  29:18  Mutalisk  
  105  29:21  Zergling x2  
  105  29:24  Zergling x2  
  105  29:26  Zergling x2  
  105  29:29  Mutalisk  
  105  29:31  Mutalisk  
  107  29:34  Zergling x2  
  107  29:35  Viper  
  107  29:36  Zergling x2  
  107  29:37  Overlord  
  114  29:39  Zergling x2  
  114  29:41  Zergling x2  
  114  29:44  Baneling x2  
  116  29:45  Baneling  
  116  29:46  Zergling x2  
  116  29:48  Zergling x2  
  116  29:51  Zergling x2  
  116  29:52  Mutalisk  
  119  29:55  Overlord, Mutalisk  
  119  29:58  Mutalisk  
  125  30:00  Mutalisk  
  125  30:03  Zergling x2  
  125  30:06  Baneling, Zergling x2  
  129  30:09  Baneling x2  
  129  30:10  Zergling x2  
Show
View Real Time Build Order
Export as new Build Order

IA (Media) Protoss 

Build Orders: 1 Gate Expand 

Get SALT Encoding   

  12  0:01  Probe  
  13  0:13  Probe  
  14  0:20  Pylon  
  14  0:25  Probe  
  15  0:34  Probe  
  15  0:42  Probe  
  17  0:51  Gateway  
  17  1:11  Probe  
  17  1:15  Nexus  
  18  1:28  Pylon  
  18  1:31  Assimilator  
  18  1:39  Zealot  
  18  1:42  Cybernetics Core  
  18  1:43  Probe  
  21  1:55  Probe  
  22  2:07  Gateway, Probe  
  23  2:12  Stalker  
  23  2:14  Assimilator  
  23  2:21  Probe  
  23  2:22  Pylon  
  26  2:34  Adept, Probe  
  27  2:42  Warp Gate  
  29  2:49  Probe  
  29  2:51  Adept  
  32  3:07  Assimilator  
  32  3:08  Adept  
  32  3:12  Probe  
  35  3:14  Probe  
  36  3:22  Probe  
  37  3:27  Probe  
  37  3:29  Sentry  
  37  3:30  Probe  
  40  3:39  Probe  
  42  3:45  Probe  
  42  3:46  Zealot  
  42  3:48  Pylon  
  45  3:51  Probe  
  46  3:57  Probe  
  46  4:00  Adept  
  47  4:04  Probe  
  47  4:09  Probe  
  51  4:13  Adept  
  51  4:16  Probe  
  51  4:19  Pylon  
  51  4:21  Probe  
  54  4:28  Probe  
  55  4:37  Adept, Probe  
  58  4:41  Pylon, Probe  
  59  4:49  Probe  
  60  4:55  Adept  
  60  4:59  Forge, Probe  
  63  5:03  Robotics Facility  
  63  5:10  Probe  
  63  5:12  Adept  
  63  5:13  Probe  
  63  5:14  Pylon  
  67  5:22  Probe  
  67  5:25  Probe  
  69  5:29  Sentry  
  69  5:34  Pylon, Probe  
  72  5:35  Photon Cannon  
  72  5:38  Photon Cannon, Probe  
  72  5:40  Pylon  
  73  5:46  Stalker  
  73  5:47  Probe  
  76  5:50  Probe, Stargate  
  76  5:52  Observer  
  76  5:53  Twilight Council  
  78  5:59  Probe  
  78  6:00  Gateway  
  78  6:02  Probe  
  78  6:04  Stalker  
  82  6:05  Photon Cannon  
  82  6:10  Probe  
  82  6:11  Probe  
  83  6:12  Photon Cannon  
  83  6:14  Observer  
  84  6:20  Forge  
  84  6:23  Probe  
  85  6:47  Assimilator  
  85  7:06  Probe  
  86  9:09  Protoss Ground Weapons Level 1  
  86  9:19  Warp Prism  
  86  9:22  Protoss Ground Armor Level 1  
  88  9:35  Gateway  
  88  9:39  Robotics Facility  
  88  9:41  Stargate  
  88  9:46  Robotics Bay  
  88  9:47  Zealot  
  88  9:48  Observer  
  88  9:50  Dark Shrine  
  78  9:58  Templar Archives  
  71  10:00  Warp Prism, Zealot  
  71  10:02  Pylon  
  71  10:04  Fleet Beacon  
  67  10:13  Stalker  
  67  10:26  Stalker  
  69  10:34  Gravitic Boosters  
  69  10:37  Immortal  
  73  10:53  High Templar  
  75  10:58  Observer  
  75  11:06  High Templar  
  77  11:21  Gravitic Drive  
  77  12:40  Observer  
  77  12:47  Protoss Ground Weapons Level 2  
  77  12:55  Protoss Ground Armor Level 2  
  77  13:20  Stalker  
  77  13:26  Sentry  
  79  13:27  Protoss Air Weapons Level 1  
  79  13:29  Pylon  
  79  13:31  Zealot  
  67  13:36  Zealot  
  69  13:43  Immortal  
  73  13:48  Zealot  
  73  13:54  Zealot  
  77  13:59  Stalker  
  79  14:03  Immortal  
  79  14:09  Stalker  
  85  14:14  Zealot  
  87  14:20  Stalker  
  89  14:25  Stalker  
  91  14:32  Adept  
  91  14:38  Stalker, Blink  
  95  14:43  Sentry, Observer  
  97  14:54  Protoss Shields Level 1  
  97  14:57  Protoss Ground Weapons Level 3  
  97  15:11  Protoss Air Armor Level 1  
  97  15:12  Observer  
  97  16:35  Void Ray  
  97  16:42  Pylon  
  97  16:46  Void Ray  
  97  16:51  Protoss Ground Armor Level 3  
  93  16:57  Stargate  
  89  17:01  Observer  
  89  17:02  Protoss Air Weapons Level 2  
  89  17:04  Pylon  
  69  17:18  Void Ray  
  73  17:27  Phoenix  
  75  17:38  Protoss Shields Level 2  
  75  17:40  Void Ray  
  75  17:44  Void Ray, Stargate  
  79  17:53  Void Ray  
  73  18:22  Tempest, Observer  
  79  18:29  Void Ray x2  
  79  18:50  Void Ray  
  79  18:56  Observer  
  79  18:58  Protoss Air Armor Level 2  
  79  19:05  Void Ray  
  79  19:06  Observer  
  83  19:12  Void Ray  
  87  19:23  Void Ray  
  91  19:33  Phoenix  
  91  19:38  Protoss Shields Level 3  
  93  19:48  Phoenix  
  87  19:56  Void Ray  
  91  20:08  Void Ray  
  95  20:15  Adept  
  95  20:21  Stalker  
  99  20:26  Zealot  
  97  20:31  Adept, Pylon  
  93  20:37  Adept  
  93  20:44  Adept  
  93  20:49  Stalker  
  91  20:54  Stalker  
  93  21:00  Sentry  
  93  21:01  Observer  
  91  21:05  Immortal  
  91  21:10  Adept  
  91  21:15  Stalker  
  93  21:20  Stalker  
  93  21:22  Observer  
  95  21:26  Sentry  
  95  21:31  Zealot  
  99  21:38  Zealot  
  101  21:43  Adept  
  103  21:49  Adept  
  105  22:53  Observer  
  105  23:02  Immortal  
  105  23:25  Void Ray  
  97  23:41  Observer  
  97  23:44  Immortal  
  94  23:52  Dark Templar  
  88  24:00  Dark Templar  
  89  24:03  Observer  
  89  24:08  Sentry  
  85  24:16  Stalker  
  79  24:24  Void Ray  
  81  24:31  Void Ray  
  81  24:39  Sentry  
  83  24:47  Stalker  
  85  24:55  Zealot  
  87  25:01  Immortal  
  87  25:03  Stalker  
  93  25:19  Zealot  
  91  26:24  Sentry  
  87  26:33  Stalker  
  87  26:41  Sentry  
  87  26:49  Stalker  
  89  26:57  Stalker  
  91  27:10  Sentry  
  91  27:24  Disruptor  
  94  27:31  Zealot  
  96  27:38  Stalker  
  98  27:44  Adept  
  98  27:50  Disruptor  
  109  28:05  Stalker  
  109  28:09  Carrier  
  109  28:21  Observer  
  109  28:27  Observer  
  109  28:33  Void Ray  
  109  29:02  Sentry  
  109  29:08  Zealot  
  107  29:15  Zealot  
  103  29:22  Sentry  
  105  30:36  Stalker  
  105  30:43  Stalker  
  105  30:47  Observer  
  101  30:52  Stalker  
  101  30:53  Observer  
  99  30:59  Stalker  
  101  31:05  Stalker  
  101  31:08  Colossus  
  101  31:12  Stalker  
  109  31:52  Stalker  
Show
View Real Time Build Order
Export as new Build Order

IA (Media) Protoss 

Build Orders:  

Get SALT Encoding   

  12  0:01  Probe  
  13  0:13  Probe  
  14  0:20  Pylon  
  14  0:25  Probe  
  15  0:34  Probe  
  15  0:42  Probe  
  16  0:47  Assimilator  
  17  0:51  Gateway, Probe  
  18  0:59  Pylon  
  18  1:25  Gateway  
  18  1:30  Assimilator  
  18  1:41  Zealot  
  18  1:42  Cybernetics Core  
  20  2:04  Pylon  
  20  2:17  Zealot  
  22  2:31  Adept  
  22  2:36  Warp Gate  
  24  2:44  Adept  
  24  2:52  Pylon  
  26  3:06  Adept  
  26  3:10  Probe  
  29  3:22  Probe  
  29  3:26  Stalker  
  32  3:29  Pylon  
  32  3:34  Probe  
  32  3:40  Adept  
  33  3:44  Forge  
  33  3:46  Probe  
  36  3:58  Adept, Probe  
  39  4:06  Probe  
  40  4:23  Adept  
  42  4:40  Adept  
  44  5:05  Probe  
  44  6:31  Stalker  
  44  6:32  Probe  
  47  6:33  Photon Cannon  
  47  6:39  Pylon  
  47  6:41  Photon Cannon  
  47  6:42  Robotics Facility  
  47  6:45  Sentry, Nexus  
  47  6:46  Probe  
  48  6:47  Twilight Council  
  48  6:50  Gateway  
  48  6:53  Forge  
  44  6:58  Probe, Stargate  
  44  6:59  Stalker  
  43  7:02  Pylon  
  37  7:10  Probe  
  37  7:12  Stalker  
  36  7:26  Stalker  
  32  7:30  Observer  
  31  7:40  Zealot  
  31  7:43  Void Ray  
  31  7:50  Nexus  
  32  8:01  Zealot  
  32  8:15  Zealot  
  33  8:22  Zealot  
  33  8:28  Probe  
  33  8:29  Zealot  
  36  8:40  Probe  
  37  8:43  Stalker  
  39  8:52  Robotics Facility  
  39  8:57  Sentry  
  41  9:04  Probe  
  41  9:07  Probe  
  43  9:10  Stalker  
  43  9:16  Probe x2  
  46  9:24  Stalker  
  46  9:28  Probe  
  46  9:29  Probe  
  49  9:31  Photon Cannon  
  49  9:38  Adept  
  52  9:40  Probe, Observer  
  52  9:41  Probe  
  55  9:47  Pylon  
  55  9:51  Stalker, Pylon  
  55  9:52  Probe  
  58  9:53  Probe  
  59  10:01  Probe  
  59  10:04  Probe  
  59  10:05  Sentry  
  63  10:09  Probe  
  63  10:13  Photon Cannon  
  64  10:16  Photon Cannon, Probe  
  64  10:19  Stalker  
  64  10:20  Probe, Observer  
  68  10:28  Probe  
  68  10:33  Adept, Probe  
  72  10:40  Probe  
  73  10:43  Protoss Ground Weapons Level 1  
  73  10:45  Probe  
  74  10:53  Probe  
  76  10:57  Protoss Ground Armor Level 1, Probe  
  76  10:58  Observer  
  76  11:02  Probe  
  76  11:09  Probe  
  76  11:10  Gateway  
  72  11:12  Zealot  
  72  11:15  Robotics Facility  
  64  11:19  Warp Prism, Stargate  
  64  11:21  Assimilator  
  58  11:25  Zealot  
  58  11:31  Probe  
  58  11:38  Stalker, Robotics Bay  
  56  11:44  Assimilator  
  56  11:47  Probe  
  56  11:50  Probe  
  56  11:51  Void Ray  
  62  11:55  Observer  
  62  11:59  Probe  
  62  12:00  Probe, Warp Prism  
  64  12:04  Stalker  
  69  12:11  Probe  
  70  12:16  Observer  
  70  12:17  Zealot  
  73  12:25  Gravitic Drive  
  73  12:35  Templar Archives  
  72  12:38  Observer  
  73  12:52  Observer  
  69  13:00  Void Ray  
  73  13:13  High Templar  
  75  13:20  Gravitic Boosters  
  75  13:24  Dark Shrine  
  75  13:26  Observer  
  75  13:27  High Templar  
  77  13:51  Fleet Beacon, Archon  
  76  14:16  Observer  
  77  14:38  Dark Templar  
  79  14:53  Dark Templar  
  79  15:00  Stalker  
  79  15:04  Pylon  
  79  15:06  Stalker  
  69  15:13  Sentry  
  67  15:20  Sentry  
  69  15:28  Adept  
  64  15:35  Stalker  
  67  15:36  Observer  
  67  15:41  Stalker  
  69  15:48  Stalker  
  71  15:55  Stalker  
  67  16:01  Sentry  
  63  16:08  Stalker  
  62  16:14  Stalker  
  61  16:18  Observer  
  61  16:21  Sentry, Probe  
  63  16:28  Stalker  
  63  16:35  Stalker  
  63  16:38  Probe  
  63  16:41  Stalker, Probe  
  63  16:48  Stalker  
  63  16:50  Probe  
  63  16:53  Probe  
  63  16:54  Stalker  
  61  17:01  Zealot  
  61  17:02  Probe  
  61  17:05  Probe  
  61  17:07  Zealot  
  63  17:14  Stalker, Probe  
  60  17:17  Probe  
  60  17:21  Sentry  
  58  17:26  Probe  
  58  17:27  Stalker  
  58  17:29  Probe  
  58  17:34  Stalker  
  53  17:38  Probe  
  53  17:40  Stalker  
  53  17:41  Probe  
  52  17:47  Stalker  
  52  17:50  Probe  
  49  17:53  Probe  
  49  17:54  Sentry  
  51  18:01  Adept  
  51  18:02  Probe  
  54  18:05  Probe  
  54  18:08  Stalker, Observer  
  57  18:13  Observer  
  57  18:14  Stalker  
  57  18:15  Probe  
  57  18:18  Probe  
  61  18:21  Stalker  
  61  18:27  Probe, Zealot  
  64  18:30  Probe  
  64  18:33  Zealot  
  69  18:38  Stalker  
  69  18:39  Probe  
  72  18:42  Probe  
  72  18:44  Stalker  
  65  18:50  Stalker  
  65  18:51  Probe  
  65  18:54  Probe  
  61  19:00  Zealot  
  61  19:05  Zealot  
  61  19:06  Probe  
  61  19:11  Zealot  
  50  19:24  Pylon  
  50  19:26  Zealot  
  50  19:31  Probe, Zealot  
  35  19:36  Zealot  
  37  19:43  Probe  
  38  19:49  Zealot  
  34  19:54  Zealot  
  34  19:59  Zealot  
  28  20:14  Stalker  
  25  21:24  Probe  
  24  21:32  Probe  
  23  21:40  Probe  
  21  21:50  Probe  
  18  21:55  Nexus  
  18  22:00  Pylon  
  14  22:06  Pylon  
  8  22:22  Pylon  
  5  22:43  Assimilator  
  1  23:04  Probe  
Tags
 
Add a new tag
Caveats
  • Supply blocks, unpowered buildings, or Contaminate may cause inaccurate times.
  • Supply counts are checked every 10 seconds.